 Dungeon Crawl Stone Soup version 0.29-a0-233-g1125b37a9b (webtiles) character file.

Game seed: 2150846066067456919

27 sammy202020 the Skirmisher (level 2, -2/24 HPs)
             Began as a Demonspawn Berserker on Mar 1, 2022.
             Was a Follower of Trog.
             Slain by an adder (3 damage)
             ... on level 2 of the Dungeon.
             The game lasted 00:01:41 (985 turns).

sammy202020 the Skirmisher (Demonspawn Berserker)    Turns: 985, Time: 00:01:42

Health: -2/24      AC:  2    Str: 17    XL:     2   Next: 93%
Magic:  2/2        EV: 12    Int:  8    God:    Trog [*.....]
Gold:   58         SH:  6    Dex: 12    Spells: 1/1 levels left

rFire   . . .      SeeInvis .   a - +0 spear
rCold   . . .      Faith    .   e - +0 kite shield
rNeg    . . .      Spirit   .   b - +0 animal skin
rPois   .          Reflect  .   (no helmet)
rElec   .          Harm     .   (no cloak)
rCorr   .          Rampage  .   (no gloves)
Will    .....                   (no boots)
Stlth   +.........              (no amulet)
HPRegen 0.08/turn               (no ring)
MPRegen 0.08/turn               (no ring)

@: lethally poisoned (-2 -> -3)
A: repulsion field 1
a: Renounce Religion, Berserk


You were on level 2 of the Dungeon.
You worshipped Trog.
Trog was aware of your devotion.
You visited 1 branch of the dungeon, and saw 2 of its levels.

You collected 58 gold pieces.

Inventory:

Hand Weapons
 a - a +0 spear (weapon)
Missiles
 c - 4 silver boomerangs (quivered)
 h - 3 poisoned darts
Armour
 b - a +0 animal skin (worn)
 e - a +0 kite shield (worn)
Scrolls
 g - a scroll of noise {unknown}
 i - a scroll of fear {unknown}
 j - a scroll of teleportation {unknown}
 k - a scroll of enchant weapon {unknown}
 l - a scroll of identify {unknown}
Potions
 d - a potion of haste {unknown}
 f - a potion of curing {unknown}


   Skills:
 + Level 3.3 Fighting
 + Level 0.2(1.8) Axes
 + Level 3.0 Polearms
 + Level 2.1 Armour
 + Level 2.1 Dodging
 + Level 0.2 Shields


You had one spell level left.
You didn't know any spells.
Your spell library was empty.

Dungeon Overview and Level Annotations

Branches:
Dungeon (2/15)

Altars:


Innate Abilities, Weirdness & Mutations

You are surrounded by a mild repulsion field. (EV +2)


Message History

You are no longer poisoned.
l - a scroll labelled GANACV SAEF You see here a +0 club.
You start waiting.
Done waiting.
You now have 58 gold pieces (gained 2).
An adder comes into view.
An adder is nearby!
Found a black potion.
Found a dented steel amulet.
You reach to attack!
The helpless adder fails to defend itself.
You hit the adder.
The adder is lightly wounded.
The adder bites you.
You are poisoned.
The adder poisons you!
You barely miss the adder.
The adder is lightly wounded.
You feel sick. The adder closely misses you.
You closely miss the adder.
The adder is lightly wounded.
You feel sick. You block the adder's attack.
You miss the adder.
The adder is lightly wounded.
You feel sick.
You are no longer poisoned.
The adder bites you. x2
You closely miss the adder.
The adder is lightly wounded.
The adder bites you.
* * * LOW HITPOINT WARNING * * *
You are poisoned.
The adder poisons you!
You hit the adder.
The adder is moderately wounded.
You feel sick. The adder bites you.
* * * LOW HITPOINT WARNING * * *
The adder bites you.
You die...

......###
........#.....".
........#.......
#.......#.......
#†......#.......#### ..
#.......#......!...###..
........#...............
...##########...S.......
................@.......
...####. .##............
....... ................
.#...##...##..........##
.....+ ...##............
.#...# .........#......
.#...# #+#.#.....#......
.#...# #.#.#.#..........
.....###...#........#...


You could see an adder.

Vanquished Creatures
  An adder (D:2)
  A goblin (D:2)
  3 hobgoblins (D:2)
  A jackal (D:1)
  A quokka (D:2)
  3 ball pythons (D:1)
  2 bats
  2 frilled lizards
  3 rats
17 creatures vanquished.

Notes
Turn   | Place    | Note
-------+----------+-------------------------------------------
     0 | D:1      | sammy202020 the Demonspawn Berserker began the quest for
                  | the Orb.
     0 | D:1      | Reached XP level 1. HP: 18/18 MP: 1/1
   152 | D:1      | You fall into a shaft and drop 1 floor!
   152 | D:2      | Found a faded altar of an unknown god.
   155 | D:2      | Gained mutation: You are surrounded by a mild repulsion
                  | field. (EV +2) [demonic ancestry]
   155 | D:2      | Reached XP level 2. HP: 20/24 MP: 2/2
   985 | D:2      | HP: 1/24 [adder (4)]
   985 | D:2      | Slain by an adder

Illustrated notes

Levels and vault maps discovered:
D:1:      eino_arrival_druids_welcome, layout_rooms
D:2:      layout_basic, hellmonk_ecumenical_altar_lost_god

Skill      XL: |  1  2 |
---------------+-------+-----
Armour         | 2 |  2.1
Dodging        | 2 |  2.1
Polearms       | 3 |  3.0
Fighting       | |  3.3
Axes           | |  0.2
Shields        | |  0.2

Action                   || total
-------------------------++-------
Melee: Spear             ||    64
Throw: Boomerang         ||     3
Invok: Berserk           ||     1
 Stab: Sleeping          ||     2
Armor: Animal skin       ||    15
Dodge: Dodged            ||    53
Block: Kite shield       ||     5

Table legend: (Time is in decaauts)
 A = Elapsed time spent in this place.
 B = Non-inter-level travel time spent in this place.
 C = Inter-level travel time spent in this place.
 D = Time resting spent in this place.
 E = Time spent auto-exploring this place.
 F = Levels seen in this place.
 G = Mean time per level.
                   A        B        C        D        E       F      G
               +--------+--------+--------+--------+--------+-----+--------+
         Total |    997 |    997 |      0 |    100 |    724 |   2 |  498.5 |
       Dungeon |    997 |    997 |      0 |    100 |    724 |   2 |  498.5 |
               +--------+--------+--------+--------+--------+-----+--------+

Top non-repeatable levels by time:
     D:2: 846 daAuts
     D:1: 151 daAuts
